[Event "Team 45 45 League T65"]
[Site "Internet Chess Club"]
[Date "2015.07.10"]
[Round "6"]
[White "VictorRed"]
[Black "chess09"]
[Result "1/2-1/2"]
[WhiteElo "1824"]
[BlackElo "1841"]
[Opening "Queen's pawn game, Darooha variation "]
[ECO "D02"]
[Time "22:00:42"]
[TimeControl "2700+45"]

1. d4 d5 2. Nf3 Nf6 3. g3 g6 4. Bg2 Bg7 5. O-O O-O 6. Nc3 b6 7. Bg5 Bb7 8. Qd2
Nc6 9. Bh6 Na5 10. Bxg7 Kxg7 11. b3 c5 12. e3 e6 13. Rfe1 Nc6 14. Rad1 Qe7 15.
Ne5 Nxe5 16. dxe5 Nd7 17. f4 Rfd8 18. Nb5 Bc6 19. Nd6 f6 20. Qc3 fxe5 21. fxe5
Qg5 22. e4 d4 23. Qc4 Qxe5 24. Nb5 a6 25. Nxd4 cxd4 26. Qxc6 Rac8 27. Qa4 Nc5
28. Qb4 Rc6 29. Qd2 Rcd6 30. Kh1 d3 31. c3 a5 32. Re3 b5 33. Rf1 R6d7 34. Rfe1
b4 35. cxb4 axb4 36. Rd1 Qc3 37. Bf1 e5 38. Qf2 Rf7 39. Rf3 Rxf3 40. Qxf3 Rf8
41. Qe3 Qc2 42. Rc1 d2 43. Rxc2 d1=Q 44. Rf2 Rxf2 45. Qxf2 Nxe4 46. Qa7+ Kf6 47.
Qa6+ Kg5 48. Kg2 Qd2+ 49. Be2 Qe3 50. h4+ Kh6 51. Qd3 Qxd3 52. Bxd3 Nc3 53. Kf3
Kg7 54. g4 Kf6 55. g5+ Ke7 56. Bc4 Nxa2 57. Bg8 Kf8 58. Bc4 Nc3 59. Kg4 Ne4 60.
Bd5 Nc5 61. Kf3 Ke7 62. Ke3 Kf8 63. Kf3 Kg7 64. Ke3 h6 65. Kf3 hxg5 66. hxg5 Kf8
67. Ke3 Ke7 68. Kf3 Ne6 69. Kg4 Nd4 70. Bc4 Nf5 71. Bd3 Ke6 72. Bc4+ Kd6 73. Bf7
Nd4 74. Bxg6 Nxb3 75. Bb1 Nd2 76. g6 Ke6 77. Kg5 Nf3+ 78. Kh6 Nh2 79. Ba2+ Ke7
80. g7 Ng4+ 81. Kg5 Nf6 82. Kf5 e4 83. Kf4 Kd6 84. g8=Q Nxg8 85. Bxg8 Kc5 86.
Kxe4 b3 87. Bxb3 {Game drawn because neither player has mating material} 1/2-1/2

[Event "Team 45 45 League T65"]
[Site "Internet Chess Club"]
[Date "2015.07.12"]
[Round "6"]
[White "LazyPeon"]
[Black "isolani"]
[Result "1-0"]
[WhiteElo "1698"]
[BlackElo "1555"]
[Opening "King's Indian: fianchetto, classical main line"]
[ECO "E69"]
[Time "17:01:26"]
[TimeControl "2700+45"]

1. d4 Nf6 2. c4 g6 3. g3 Bg7 4. Bg2 O-O 5. Nc3 d6 6. Nf3 c6 7. O-O Nbd7 8. e4 e5
9. h3 Qc7 10. Be3 Rd8 11. Qc2 d5 12. cxd5 cxd5 13. dxe5 Nxe4 14. Bf4 Bxe5 15.
Nxe5 Nxe5 16. Bxe5 Qxe5 17. Rfe1 Bf5 18. Qb3 Rd7 19. Rad1 Re8 20. Nxe4 dxe4 21.
Rxd7 Bxd7 22. Qxb7 f5 23. Qxd7 {Black resigns} 1-0

[Event "Team 45 45 League T65"]
[Site "Internet Chess Club"]
[Date "2015.07.13"]
[Round "6"]
[White "BrianWood"]
[Black "freakypawn"]
[Result "0-1"]
[WhiteElo "1486"]
[BlackElo "1779"]
[Opening "QGD: 4.Nf3"]
[ECO "D37"]
[Time "19:01:08"]
[TimeControl "2700+45"]

1. c4 e6 2. Nc3 Nf6 3. d4 d5 4. Nf3 Be7 5. cxd5 exd5 6. g3 O-O 7. Bg2 Nc6 8. O-O
Re8 9. Re1 Bf5 10. a3 a5 11. Bf4 Nh5 12. Bd2 Nf6 13. Bf4 Ne4 14. Rc1 Nxc3 15.
Rxc3 Bd6 16. Bxd6 Qxd6 17. e3 b5 18. Qc1 Ra6 19. Rc5 b4 20. Nh4 Be4 21. f3 Bd3
22. Bf1 Bxf1 23. Kxf1 Qe6 24. Kf2 bxa3 25. bxa3 Rb6 26. Qd2 Reb8 27. Rec1 Rb2
28. R5c2 Rxc2 29. Rxc2 Rb1 30. Rc1 Rb3 31. Rc3 Rb1 32. Rc1 Rb6 33. Qd3 Qh3 34.
Ng2 Qxh2 35. Rc2 Rb1 36. f4 h5 37. Kf3 Qg1 38. Rf2 Ne7 39. e4 a4 40. Qc2 Rb3+
41. Ke2 dxe4 42. Qxe4 Rb2+ 43. Kd3 Qxf2 44. Qa8+ Kh7 45. Qe4+ Ng6 {White
resigns} 0-1

[Event "Team 45 45 League T65"]
[Site "Internet Chess Club"]
[Date "2015.07.13"]
[Round "6"]
[White "keshavp"]
[Black "NAS"]
[Result "0-1"]
[WhiteElo "1789"]
[BlackElo "1783"]
[Opening "Bird's opening"]
[ECO "A03"]
[Time "11:00:24"]
[TimeControl "2700+45"]

1. f4 d5 2. Nf3 g6 3. e3 Bg7 4. Be2 Nh6 5. d3 O-O 6. O-O c5 7. e4 d4 8. Qe1 f5
9. e5 e6 10. Nbd2 Nc6 11. a3 b6 12. Ng5 Nxe5 13. Ndf3 Nc6 14. Qh4 Qe7 15. Bd2
Bd7 16. Rae1 Rfe8 17. Bd1 Bf8 18. Ne5 Nxe5 19. fxe5 Qg7 20. Bf4 Nf7 21. Rf3 Nxg5
22. Bxg5 Be7 23. Rh3 Bxg5 24. Qxg5 Bc6 25. Rg3 Kf7 26. Rh3 Kg8 27. Rg3 Rf8 28.
h4 f4 29. Rh3 Rf5 30. Qg4 h5 31. Qe2 Raf8 32. Qf1 Rxe5 {White resigns} 0-1

[Event "Team 45 45 League T65"]
[Site "Internet Chess Club"]
[Date "2015.07.12"]
[Round "6"]
[White "LooneyBinJim"]
[Black "fkramer"]
[Result "1/2-1/2"]
[WhiteElo "1885"]
[BlackElo "1805"]
[Opening "French: Fort Knox variation"]
[ECO "C03"]
[Time "11:00:52"]
[TimeControl "2700+45"]

1. e4 e6 2. d4 d5 3. Nd2 dxe4 4. Nxe4 Bd7 5. Nf3 Bc6 6. Bd3 Nd7 7. Qe2 Ngf6 8.
Nxf6+ Nxf6 9. Bg5 Be7 10. O-O-O Bxf3 11. Qxf3 c6 12. Rhe1 Qa5 13. Bxf6 Bxf6 14.
Bc4 O-O-O 15. c3 Rhe8 16. Kb1 Kb8 17. Bb3 {Game drawn by mutual agreement}
1/2-1/2

[Event "Team 45 45 League T65"]
[Site "Internet Chess Club"]
[Date "2015.07.13"]
[Round "6"]
[White "Schachteufel"]
[Black "timothysmall56"]
[Result "0-1"]
[WhiteElo "1675"]
[BlackElo "1806"]
[Opening "Caro-Kann: Tartakower (fantasy) variation"]
[ECO "B12"]
[Time "09:02:26"]
[TimeControl "2700+45"]

1. e4 c6 2. d4 d5 3. f3 e6 4. Nc3 Bb4 5. Bd3 Qb6 6. exd5 exd5 7. Ne2 Ne7 8. O-O
O-O 9. a3 Bd6 10. Kh1 Re8 11. Bf4 Bxf4 12. Nxf4 Qc7 13. Nce2 Nf5 14. Qd2 Qe7 15.
Rfe1 Qd8 16. c3 Be6 17. Nxe6 fxe6 18. Nf4 Qg5 19. Bxf5 Qxf5 20. Re5 Qf7 21. Rae1
Nd7 22. Rxe6 Rxe6 23. Rxe6 g5 24. Nxd5 Qxe6 25. Nc7 Qg6 26. h3 Rc8 {White
resigns} 0-1

[Event "Team 45 45 League T65"]
[Site "Internet Chess Club"]
[Date "2015.07.08"]
[Round "6"]
[White "QuieroAprender"]
[Black "tightfist"]
[Result "0-1"]
[WhiteElo "1613"]
[BlackElo "1545"]
[Opening "QGD: Semi-Tarrasch defense, Pillsbury variation"]
[ECO "D40"]
[Time "19:23:28"]
[TimeControl "2700+45"]

1. d4 Nf6 2. c4 e6 3. Nc3 d5 4. Nf3 c5 5. Bg5 dxc4 6. e4 Be7 7. dxc5 O-O 8. Bxc4
Qxd1+ 9. Rxd1 Bxc5 10. Bxf6 gxf6 11. e5 Kg7 12. Ne4 Bb4+ 13. Ke2 fxe5 14. Nxe5
b6 15. Rd3 Bb7 16. Rg3+ Kh8 17. Nf6 Nc6 18. Nfd7 Nd4+ 19. Kd3 Nf5 20. Nxf8 Nxg3
21. hxg3 Rxf8 22. Bxe6 Rd8+ 23. Bd7 Kg7 24. Nxf7 Rxd7+ {White resigns} 0-1